 Dungeon Crawl Stone Soup version 0.28-a0-1616-g050a50673c (webtiles) character file.

Game seed: 11356095693257467274

24 buddhastalin the Sneak (level 3, 0/22 HPs)
             Began as a Kobold Brigand on Jan 22, 2022.
             Frozen to death by an endoplasm (4 damage)
             ... on level 1 of the Dungeon.
             The game lasted 00:00:55 (630 turns).

buddhastalin the Sneak (Kobold Brigand)              Turns: 630, Time: 00:00:56

Health: 0/22       AC:  3    Str:  8    XL:     3   Next: 15%
Magic:  3/3        EV: 15    Int: 14    God:
Gold:   34         SH:  0    Dex: 22    Spells: 2/2 levels left

rFire   . . .      SeeInvis .   a - +2 dagger
rCold   . . .      Faith    .   (no shield)
rNeg    . . .      Spirit   .   b - +0 robe
rPois   .          Reflect  .   (no helmet)
rElec   .          Harm     .   c - +0 cloak
rCorr   .          Rampage  .   (no gloves)
Will    .....                   (no boots)
Stlth   ++++......              (no amulet)
HPRegen 0.07/turn               g - +6 ring of dexterity
MPRegen 0.08/turn               (no ring)

@: no status effects
A: small, no large weapons, nightstalker 3
a: no special abilities


You were on level 1 of the Dungeon.
You visited 1 branch of the dungeon, and saw 1 of its levels.

You collected 34 gold pieces.

Inventory:

Hand Weapons
 a - a +2 dagger (weapon)
Missiles
 d - 8 poisoned darts (quivered)
 e - 2 curare-tipped darts
Armour
 b - a +0 robe (worn)
 c - a +0 cloak (worn)
Jewellery
 g - a +6 ring of dexterity (left hand)
Scrolls
 f - 3 scrolls of teleportation {unknown}
Potions
 h - a potion of invisibility {unknown}
 i - a potion of heal wounds {unknown}


   Skills:
 + Level 2.5 Fighting
 * Level 3.5 Short Blades
 - Level 2.1 Throwing
 + Level 1.9 Dodging
 + Level 5.6 Stealth


You had 2 spell levels left.
You didn't know any spells.
Your spell library was empty.

Dungeon Overview and Level Annotations

Branches:
Dungeon (1/15)

Altars:


Innate Abilities, Weirdness & Mutations

You are small and have problems with some larger weapons.
You are completely attuned to the shadows.


Message History

The helpless frilled lizard fails to defend itself.
You spit the frilled lizard like a pig!!!
You kill the frilled lizard!
No target in view!
You now have 34 gold pieces (gained 15).
A hobgoblin comes into view.
An endoplasm comes into view.
The hobgoblin shouts!
The endoplasm quivers.
The hobgoblin closely misses you.
You hit the hobgoblin.
The hobgoblin is lightly wounded.
The hobgoblin hits you.
You hit the hobgoblin but do no damage. The endoplasm misses you.
The hobgoblin closely misses you.
You hit the hobgoblin.
The hobgoblin is severely wounded.
The endoplasm freezes you.
You are frozen.
The hobgoblin hits you but does no damage.
You hit the hobgoblin.
The hobgoblin is almost dead.
The endoplasm freezes you.
You are frozen.
The hobgoblin closely misses you.
You are too injured to fight recklessly!
You are too injured to fight recklessly!
You are too injured to fight recklessly!
You are too injured to fight recklessly!
You hit the hobgoblin but do no damage.
The hobgoblin is almost dead.
The endoplasm freezes you.
You are frozen.
* * * LOW HITPOINT WARNING * * *
The hobgoblin hits you.
* * * LOW HITPOINT WARNING * * *
You hit the hobgoblin but do no damage.
The hobgoblin is almost dead.
The endoplasm freezes you.
You are frozen.
You die...

.........#
#....###.....)....#.
######.### #....#
#..........#. ##
####....###........÷.#.
#†.......#######.....#'
#........# #.......
#........# #.......
#........# #.......
#........# ###.##..
....@..# #.###.
...gJ..# #.###. ##
.......# #..... .#
.......# ##.... .#
######## #.... .# ##...
.# #.#. .# #.#. .# #...


You could see an endoplasm and a hobgoblin.

Vanquished Creatures
  2 dart slugs (D:1)
  A bat (D:1)
  2 giant cockroaches (D:1)
  3 goblins (D:1)
  2 hobgoblins (D:1)
  4 ball pythons (D:1)
  3 frilled lizards (D:1)
  A kobold (D:1)
  3 rats (D:1)
21 creatures vanquished.

Notes
Turn   | Place    | Note
-------+----------+-------------------------------------------
     0 | D:1      | buddhastalin the Kobold Brigand began the quest for the
                  | Orb.
     0 | D:1      | Reached XP level 1. HP: 12/12 MP: 1/1
   194 | D:1      | Reached XP level 2. HP: 18/18 MP: 2/2
   493 | D:1      | Found a faded altar of an unknown god.
   522 | D:1      | Reached XP level 3. HP: 22/22 MP: 3/3
   630 | D:1      | Frozen to death by an endoplasm

Illustrated notes

Levels and vault maps discovered:
D:1:      wheals_arrival_linesprint, layout_basic,
          ebering_ecumenical_altar_abandoned

Skill      XL: |  1 |
---------------+----+-----
Short Blades   | 3 |  3.5
Fighting       | |  2.5
Throwing       | |  2.1
Dodging        | |  1.9
Stealth        | |  5.6

Action                   || total
-------------------------++-------
Melee: Dagger            ||    54
 Stab: Sleeping          ||     6
Armor: Robe              ||     4
Dodge: Dodged            ||    31

Table legend: (Time is in decaauts)
 A = Elapsed time spent in this place.
 B = Non-inter-level travel time spent in this place.
 C = Inter-level travel time spent in this place.
 D = Time resting spent in this place.
 E = Time spent auto-exploring this place.
 F = Levels seen in this place.
 G = Mean time per level.
                   A        B        C        D        E       F      G
               +--------+--------+--------+--------+--------+-----+--------+
         Total |    621 |    621 |      0 |      0 |    517 |   1 |  621.0 |
       Dungeon |    621 |    621 |      0 |      0 |    517 |   1 |  621.0 |
               +--------+--------+--------+--------+--------+-----+--------+

Top non-repeatable levels by time:
     D:1: 621 daAuts
